AoeStats
← 无忧无虑

Glade

510291238Analyzed
1v1 RM · 2d ago on Sep 30, 2026· 45m 48s· 2 players
Game mode
Random Map
Map size
Tiny (2 player)
Population
200
Speed
Normal
Resources
Standard
Victory
Conquest
Starting age
Dark Age
Ending age
Imperial Age
RankedLock teamsTeams togetherTeam positionsShared explorationLock speedFull tech treeHidden civsTurbo modeCheats
Victory
Defeat
🇨🇿 Gurjaras · Czechia
658
+19
🇨🇳 Teutons · China
728
-47
jirka.crha
11:28 Feudal Age
11:57 Double-Bit Axe
11:56 Horse Collar
14:15 Gold Mining
14:17 Stone Mining
15:35 Wheelbarrow
22:54 Castle Age
24:02 Thumb Ring
23:19 Crossbowman
24:02 Heavy Plow
24:16 Bow Saw
26:04 Elite Skirmisher
29:18 Gold Shaft Mining
32:25 Fletching
33:18 Man-at-Arms
35:21 Bloodlines
34:34 Light Cavalry
38:50 Imperial Age
36:44 Padded Archer Armor
36:46 Scale Mail Armor
36:58 Forging
39:24 Sanctity
40:17 Hoardings
39:36 Siege Elephant
40:59 Crop Rotation
41:12 Stone Shaft Mining
42:19 Chemistry
41:41 Ballistics
41:12 Heated Shot
41:11 Long Swordsman
42:44 Elite Chakram Thrower
43:46 Sappers
44:32 Two-Handed Swordsman
无忧无虑
13:32 Feudal Age
15:00 Wheelbarrow
17:01 Horse Collar
17:27 Double-Bit Axe
17:36 Gold Mining
18:00 Man-at-Arms
20:27 Bloodlines
25:38 Castle Age
25:56 Stone Mining
26:57 Long Swordsman
27:23 Gambesons
27:39 Squires
30:19 Fervor
30:12 Devotion
30:31 Heavy Plow
30:53 Hand Cart
36:44 Imperial Age
34:09 Town Watch
34:30 Guard Tower
39:49 Crop Rotation
Connection lost

Rejoining the realm…

Still unreachable

The connection could not be restored.

Session expired

The server has moved on; the page needs a fresh start.